 Dungeon Crawl Stone Soup version 0.26.1-11-gd32895ea62 (webtiles) character file.

Game seed: 2621706417691982519

10195 Almogavar the Destroyer (level 11, -24/82 HPs)
             Began as a Red Draconian Conjurer on May 10, 2021.
             Was an Elder of Sif Muna.
             Killed from afar by Jorgrun (38 damage)
             ... with an iron shot
             ... on level 1 of the Orcish Mines on May 11, 2021.
             The game lasted 01:09:09 (16249 turns).

Almogavar the Destroyer (Red Draconian Conjurer)   Turns: 16249, Time: 01:09:10

Health: -24/82     AC: 10    Str:  9    XL:     11   Next: 33%
Magic:  8/25       EV:  7    Int: 23    God:    Sif Muna [****..]
Gold:   732        SH:  0    Dex:  9    Spells: 22/30 levels left

rFire    + + .     SeeInvis .   A - staff of poison
rCold    . . .     Faith    .   (no shield)
rNeg     . . .     Spirit   .   (armour unavailable)
rPois    +         Reflect  +   (helmet restricted)
rElec    .         Harm     .   D - +0 cloak
rCorr    .         Rampage  .   w - +0 pair of gloves
Will     .....                  t - +0 pair of boots
Stlth    +++.......             j - amulet of reflection
HPRegen  0.23/turn              y - ring of wizardry
MPRegen  0.19/turn              H - ring of protection from fire

@: petrifying (expiring), very slow
A: breathe fire, unfitting armour, fire resistance 1, cold-blooded, AC +7
a: Breathe Fire, Renounce Religion, Channel Magic, Forget Spell, Divine Exegesis


You were on level 1 of the Orcish Mines.
You worshipped Sif Muna.
Sif Muna was greatly pleased with you.
You visited 2 branches of the dungeon, and saw 11 of its levels.

You collected 790 gold pieces.
You spent 58 gold pieces at shops.

Inventory:

Armour
 t - a +0 pair of boots (worn)
 w - a +0 pair of gloves (worn)
 D - a +0 cloak (worn)
 G - a +0 buckler
Magical Staves
 l - an uncursed staff of cold
 A - an uncursed staff of poison (weapon)
Jewellery
 i - an uncursed ring of ice
 j - an amulet of reflection (around neck)
 s - an uncursed ring of see invisible
 v - an uncursed amulet of the acrobat
 y - a ring of wizardry (left hand)
 H - a ring of protection from fire (right hand)
Wands
 k - a wand of flame (62)
 F - a wand of polymorph (9)
 K - a wand of random effects (23)
Scrolls
 a - 2 scrolls of magic mapping
 d - 5 scrolls of remove curse
 e - 4 scrolls of enchant weapon
 f - 5 scrolls of teleportation
 g - 3 scrolls of enchant armour {unknown}
 u - a scroll of amnesia {unknown}
 x - 2 scrolls of immolation {unknown}
 B - a scroll of fear {unknown}
 C - a scroll of holy word {unknown}
 J - a scroll of fog {unknown}
Potions
 b - 3 potions of curing
 c - 2 potions of flight
 h - 3 potions of ambrosia
 m - a potion of attraction {unknown}
 n - a potion of brilliance
 o - a potion of resistance {unknown}
 q - 2 potions of lignification {unknown}
 r - a potion of heal wounds
 z - a potion of berserk rage {unknown}
 E - a potion of haste {unknown}
Miscellaneous
 I - a tin of tremorstones (2/2)


   Skills:
 + Level 3.4 Fighting
 + Level 5.0 Staves
 + Level 5.4 Dodging
 + Level 5.0 Stealth
 + Level 10.0 Spellcasting
 + Level 11.3 Conjurations
 + Level 0.4 Translocations


You had 22 spell levels left.
You knew the following spells:

 Your Spells              Type           Power        Failure   Level
a - Magic Dart            Conj           100%         1%          1
b - Searing Ray           Conj           100%         1%          2
c - Dazzling Flash        Conj/Hex       74%          1%          3
d - Blink                 Tloc           N/A          3%          2

Your spell library contained the following spells:

 Spells                   Type           Power        Failure   Level
 Iskenderun's Mystic Bla  Conj/Tloc      38%          1%          4
 Fulminant Prism          Conj/Hex       18%          2%          4
 Gell's Gravitas          Tloc           6%           6%          3
 Lesser Beckoning         Tloc           6%           6%          3
 Teleport Other           Tloc           13%          6%          3
 Passage of Golubria      Tloc           N/A          19%         4


Dungeon Overview and Level Annotations

Branches:
Dungeon (10/15)            Temple (0/1) D:6             Orc (1/2) D:9
   Lair: D:8-11

Altars:
Cheibriados
Dithmenos
Elyvilon
Gozag
Kikubaaqudgha
Okawaru
Sif Muna
Trog
Vehumet
Wu Jian
The Shining One
Beogh

Shops:
D:8 [

Annotations:
D:6 3 runed translucent doors, Revguard's ghost, novice HuGl
D:9 3 runed translucent doors
Orc:1 Jorgrun


Innate Abilities, Weirdness & Mutations

You can breathe blasts of fire.
Your fiery red scales are hard. (AC +7)
You cannot fit into any form of body armour.
Your flesh is heat resistant. (rF+)
You are cold-blooded and may be slowed by cold attacks.


Message History

You finish channeling your searing ray.
Jorgrun points at you and mumbles some strange words.
You are slowing down.
You feel much better.
Jorgrun is no longer blind.
Jorgrun says, "A few more walls knocked out 'ere an' thar an' 'tis whole place will come crashin' down."
Jorgrun casts a spell at you.
The wall shatters!
The blast of rock fragments hits you!!
* * * LOW HITPOINT WARNING * * *
Your limbs are stiffening.
Casting: Searing Ray (safe; 1% risk of failure)
Confirm with . or Enter, or press ? or * to list all spells.
Aiming: Searing Ray (safe; 1% risk of failure)
Press: ? - help, Shift-Dir - straight line, f/p - Jorgrun
Aim: Jorgrun, wielding a staff of earth and wearing a +0 robe (heavily wounded, 28% to evade)
The searing ray hits Jorgrun.
Jorgrun is heavily wounded. (Press . to maintain the ray.) Jorgrun points at you and mumbles some strange words.
The iron shot hits you!!!
You die...

.... ....
$.... .>...
......
.>...$#
......)##
..$)..$@#
......$g#
.........
..........
#.#...)[..#
##.......##
#.........
..........


You could see Jorgrun.

Vanquished Creatures
  2 two-headed ogres
  Urug (D:10)
  An ugly thing (D:9)
  An orc sorcerer (Orc:1)
  A gargoyle (D:10)
  A komodo dragon (D:9)
  2 trolls (D:9)
  A hog (shapeshifter) (D:9)
  7 orc warriors
  3 ice beasts
  2 sky beasts
  A necrophage (D:6)
  9 ogres
  3 centaurs
  3 phantoms
  2 big kobolds (D:4)
  8 bullfrogs
  A gnoll sergeant (D:8)
  4 scorpions
  5 killer bees (D:10)
  19 wights
  A howler monkey (D:6)
  7 hounds
  A quasit (D:8)
  A bullfrog zombie (D:7)
  12 orc priests
  A centaur skeleton (D:8)
  4 iguanas
  20 orc wizards
  8 worker ants
  3 hound zombies
  A worker ant zombie (D:9)
  A howler monkey skeleton (D:4)
  13 gnolls
  10 adders
  2 shadow imps
  2 white imps
  4 ufetubi
  3 oozes
  2 adder skeletons
  5 worms
  2 dart slugs (D:1)
  6 leopard geckos
  54 orcs
  A ball python (D:2)
  8 bats
  4 giant cockroaches
  37 goblins
  27 hobgoblins
  14 jackals
  12 kobolds
  7 quokkas
  A ball python skeleton (D:4)
  3 frilled lizards
  2 quokka skeletons
  A quokka zombie (D:6)
  6 rats
363 creatures vanquished.

Vanquished Creatures (others)
  An orc (Orc:1)
1 creature vanquished.

Grand Total: 364 creatures vanquished

Notes
Turn   | Place    | Note
-------+----------+-------------------------------------------
     0 | D:1      | Almogavar the Draconian Conjurer began the quest for the
                  | Orb.
     0 | D:1      | Reached XP level 1. HP: 14/14 MP: 3/3
   142 | D:1      | Reached XP level 2. HP: 15/20 MP: 1/5
  1051 | D:1      | Reached XP level 3. HP: 26/26 MP: 4/6
  1080 | D:1      | Learned a level 2 spell: Searing Ray
  1453 | D:2      | Found a shadowy altar of Dithmenos.
  1527 | D:2      | Noticed a moth of wrath
  1538 | D:2      | Found a bloodstained altar of Trog.
  1936 | D:2      | Reached skill level 5 in Conjurations
  2558 | D:3      | Reached XP level 4. HP: 34/34 MP: 1/7
  3187 | D:3      | Found an iron altar of Okawaru.
  3336 | D:3      | Reached skill level 1 in Staves
  3525 | D:3      | Found a white marble altar of Elyvilon.
  3613 | D:3      | Reached XP level 5. HP: 39/39 MP: 4/9
  4048 | D:3      | Reached skill level 1 in Fighting
  4083 | D:3      | Found a shimmering blue altar of Sif Muna.
  4091 | D:3      | Became a worshipper of Sif Muna the Loreminder
  4439 | D:4      | Noticed an ogre
  4449 | D:4      | Killed an ogre
  4554 | D:4      | Reached XP level 6. HP: 47/47 MP: 9/11
  5015 | D:4      | Reached * piety under Sif Muna
  5507 | D:4      | Reached ** piety under Sif Muna
  5609 | D:4      | Reached skill level 6 in Conjurations
  5613 | D:4      | Your scales start taking on a fiery red colour.
  5613 | D:4      | Reached XP level 7. HP: 52/52 MP: 5/13
  5613 | D:4      | Gained mutation: Your flesh is heat resistant. (rF+) [Red
                  | Draconian growth]
  5895 | D:4      | Found a radiant altar of Vehumet.
  6298 | D:5      | Entered Level 5 of the Dungeon
  6328 | D:5      | Found a snail-covered altar of Cheibriados.
  6647 | D:5      | Reached skill level 5 in Spellcasting
  7362 | D:5      | Reached XP level 8. HP: 60/60 MP: 9/16
  7591 | D:6      | Reached skill level 7 in Conjurations
  7629 | D:6      | Reached *** piety under Sif Muna
  7689 | D:6      | Found an ancient bone altar of Kikubaaqudgha.
  7845 | D:6      | Learned a level 3 spell: Dazzling Flash
  7927 | D:6      | Found a runed translucent gate.
  7927 | D:6      | Found a runed translucent gate.
  7927 | D:6      | Found an opulent altar of Gozag.
  7927 | D:6      | Found a runed translucent gate.
  7928 | D:6      | Noticed a cyan ugly thing
  7929 | D:6      | Noticed a four-headed hydra
  7929 | D:6      | Noticed Revguard's ghost (novice HuGl)
  8107 | D:6      | Found a staircase to the Ecumenical Temple.
  8767 | D:7      | Reached XP level 9. HP: 67/68 MP: 11/18
  8917 | D:7      | Reached skill level 8 in Conjurations
  9179 | D:7      | Reached **** piety under Sif Muna
 10370 | D:8      | Noticed a two-headed ogre
 10384 | D:8      | Killed a two-headed ogre
 10385 | D:8      | Reached skill level 9 in Conjurations
 10385 | D:8      | Reached XP level 10. HP: 38/77 MP: 12/22
 10683 | D:8      | Found Hiclereri's Armour Boutique.
 10706 | D:8      | Bought a +0 pair of gloves for 58 gold pieces
 11152 | D:8      | Reached ***** piety under Sif Muna
 11252 | D:8      | Found an ornate altar of the Wu Jian Council.
 11763 | D:9      | Received a gift from Sif Muna
 11770 | D:9      | Learned a level 2 spell: Blink
 11923 | D:9      | Found a roughly hewn altar of Beogh.
 11923 | D:9      | Found a staircase to the Orcish Mines.
 12001 | D:9      | Found an iron altar of Okawaru.
 12049 | D:9      | Found a glowing golden altar of the Shining One.
 12626 | D:9      | Found a runed translucent gate.
 12626 | D:9      | Found a runed translucent gate.
 12627 | D:9      | Found a runed translucent gate.
 12627 | D:9      | Noticed a red ugly thing
 12627 | D:9      | Noticed a brown ugly thing
 12628 | D:9      | Noticed a purple ugly thing
 12779 | D:9      | Noticed a purple ugly thing
 12786 | D:9      | Killed a purple ugly thing
 12787 | D:9      | Reached skill level 5 in Dodging
 12787 | D:9      | Reached skill level 10 in Conjurations
 13331 | D:9      | Noticed a two-headed ogre
 13338 | D:9      | Killed a two-headed ogre
 13556 | D:10     | Entered Level 10 of the Dungeon
 13719 | D:10     | Reached XP level 11. HP: 82/82 MP: 14/24
 14150 | D:10     | Noticed Urug
 14172 | D:10     | Killed Urug
 14173 | D:10     | Reached skill level 11 in Conjurations
 14890 | Orc:1    | Entered Level 1 of the Orcish Mines
 15072 | D:9      | Reached skill level 5 in Stealth
 15849 | Orc:1    | Reached skill level 10 in Spellcasting
 15858 | Orc:1    | Noticed an orc sorcerer
 15861 | Orc:1    | Noticed Jorgrun
 15867 | Orc:1    | Killed an orc sorcerer
 15868 | Orc:1    | Reached skill level 5 in Staves
 15868 | Orc:1    | HP: 1/82 [Jorgrun/uncursed staff of earth (11)]
 16249 | Orc:1    | Killed from afar by Jorgrun

Illustrated notes

Levels and vault maps discovered:
D:1:      scummos_arrival_forest, layout_basic
D:2:      layout_loops_ring, lemuel_round_altar, tgw_trog, minmay_goblin_outpost
D:3:      layout_loops_ring, tgw_sif, elyvilon_altar_1, minivault_24,
          okawaru_altar_gauntlet_db
D:4:      minmay_goblin_kobold_castle, layout_basic, vehumet_crystals
D:5:      layout_basic, basic_altar, grunt_decor_cap
D:6:      layout_rooms, kiku_gazebo_pond_becter, minmay_temple_entry_arrows,
          ebering_ghost_gozag
D:7:      layout_cave_pools
D:8:      layout_loops_corners, lemuel_round_altar, serial_shops, shop
D:9:      layout_long_grid, grunt_temple_overflow_open, david_orc_5,
          ploomutoo_gammafunk_ghost_potion_laboratory, minmay_evil_grid
D:10:     layout_roguey, uniq_urug
Orc:1:    layout_caves, uniq_jorgrun

Skill      XL: |  1  2  3  4  5  6  7  8  9 10 11 |
---------------+----------------------------------+-----
Dodging        | 2 3 4 5 |  5.4
Conjurations   | 5 6 7 9 10 11 | 11.3
Stealth        | 2 3 4 5 |  5.0
Staves         | 1 2 3 4 5 |  5.0
Fighting       | 1 2 3 |  3.4
Spellcasting   | 3 4 5 6 8 9 10 | 10.0
Translocations | |  0.4

Action                   |  1- 3 |  4- 6 |  7- 9 | 10-12 || total
-------------------------+-------+-------+-------+-------++-------
Melee: Unarmed           |    42 |       |       |       ||    42
       Tailslap          |     3 |     3 |     3 |     3 ||    12
       Quarterstaff      |    10 |    12 |       |       ||    22
       Staff             |       |    27 |    68 |    46 ||   141
 Cast: Magic Dart        |    65 |    99 |    78 |   101 ||   343
       Searing Ray       |     9 |    35 |    74 |    98 ||   216
       Blink             |       |       |       |     7 ||     7
       Dazzling Flash    |       |       |       |     4 ||     4
 Abil: Breathe Fire      |       |       |     3 |     1 ||     4
  Use: Scroll            |     3 |     1 |     4 |     3 ||    11
       Potion            |       |       |     1 |     3 ||     4
Armor: Skin              |    27 |    16 |    41 |    39 ||   123
Dodge: Dodged            |    48 |    34 |    65 |    75 ||   222
Block: Other             |     2 |    12 |    15 |    31 ||    60
       Reflection        |     1 |     4 |     1 |     3 ||     9
